[Event "*** Titled Tuesday Blitz"]
[Site "Chess.com"]
[Date "2020.04.28"]
[Round "2"]
[White "benko_008"]
[Black "Grandelicious"]
[Result "0-1"]
[WhiteElo "2507"]
[BlackElo "2767"]
[TimeControl "180+1"]
[EndTime "10:17:49 PDT"]
[Termination "Grandelicious won on time"]

1. Nf3 c5 2. c4 Nf6 3. Nc3 e6 4. g3 b6 5. Bg2 Bb7 6. O-O Be7 7.
b3 O-O 8. Bb2 a6 9. e3 d6 10. d4 Ne4 11. Rc1 Nd7 12. Qe2 Nxc3 13.
Bxc3 b5 14. Rfd1 bxc4 15. Qxc4 Rc8 16. Qe2 Qb6 17. Qe1 Qa7 18. dxc5 Nxc5 19. Bd4 Qa8 20. Bxc5 Bxf3 21. Bxf3 Qxf3 22. Bd4 h5 23. Qf1 h4 24. Qxa6 Rc2 25. Qf1 Rxa2 26. Qg2 Qe2 27. Re1 Qb5 28.
gxh4 e5 29. Bc3 Bxh4 30. Rf1 Qxb3 31. Qc6 Rc2 32. Qe4 Bxf2+ 33. Kh1 Rxc1 34. Rxc1 Rc8 35. Rf1 Bxe3 36. Qxe3 Qxc3 0-1

[Event "*** Titled Tuesday Blitz"]
[Site "Chess.com"]
[Date "2020.04.28"]
[Round "2"]
[White "Cukiero"]
[Black "Firehand33"]
[Result "0-1"]
[WhiteElo "2503"]
[BlackElo "2763"]
[TimeControl "180+1"]
[EndTime "10:17:49 PDT"]
[Termination "Firehand33 won by resignation"]

1. e4 e5 2. Nf3 d6 3. Bc4 Nf6 4. Nc3 Be7 5. a4 O-O 6. h3 Nxe4 7. Nxe4 d5 8. Bb3 dxe4 9. Nxe5 Qd4 10. Ng4 Nc6 11.
O-O Kh8 12. d3 f5 13. Ne3 f4 14. Nd5 exd3 15. Qxd3 Qxd3 16. cxd3 Bd6 17. Bd2 Nd4 18.
Bd1 f3 19. Be3 fxg2 20. Kxg2 Nf5 21. Bg4 Be6 22. Bxf5 Rxf5 23. Nc3 Raf8 24. Rae1 Rh5 25. Rh1 Bb4 26. Ne4 Bxe1 27. Rxe1 Bxh3+ 28. Kg1 Bg4 29. Ng3 Rd5 30. d4 Bf3 31. Rc1 c6 32. b4 h5 33. Rc5 h4 34. Rxd5 cxd5 35. Nf1 Rc8 36. Nh2 Be4 37. f3 Bf5 38. Nf1 Rc2 39. Nd2 h3 40.
Kh2 Rc3 41. Bf4 Rd3 42. Kg3 Rxd4 43. Nf1 Rxb4 44. Ne3 Be6 45. Ng4 Bxg4 46. fxg4 Rxf4 0-1

[Event "*** Titled Tuesday Blitz"]
[Site "Chess.com"]
[Date "2020.04.28"]
[Round "2"]
[White "Lestofante90"]
[Black "Diego_FloresQ"]
[Result "0-1"]
[WhiteElo "2655"]
[BlackElo "2421"]
[TimeControl "180+1"]
[EndTime "10:17:49 PDT"]
[Termination "Diego_FloresQ won by resignation"]

1. d4 Nf6 2. c4 c5 3. d5 e6 4. Nc3 exd5 5. cxd5 d6 6. Nf3 g6 7. g3 Bg7 8. Bg2 O-O 9. O-O a6 10. a4 Re8 11. Re1 Nbd7 12. Bf4 Qc7 13. Qc1 Rb8 14. a5 b5 15. axb6 Qxb6 16. Na4 Qc7 17. Nd2 Ne5 18. b4 Rxb4 19. Bxe5 Rxe5 20. Nc4 Re8 21. e4 Nxd5 22. Ra3 Nf6 23. Rd1 Nxe4 24. Ne3 Bb7 25. Ra2 Rxa4 26.
Rxa4 Nc3 27. Qc2 Nxd1 28. Qxd1 Bxg2 29. Kxg2 Qc6+ 30. Kg1 Bd4 31. Nf1 Re1 32. Qxe1 Qxa4 33. Qd2 Qb4 34. Qd3 Qe1 35. Qf3 c4 36. Kg2 c3 37. Qd3 Qxf2+ 38. Kh3 c2 39. Qc4 Qf5+ 40. Kg2 Qc5 0-1

[Event "*** Titled Tuesday Blitz"]
[Site "Chess.com"]
[Date "2020.04.28"]
[Round "2"]
[White "DaggiGretarsson"]
[Black "Raffael89"]
[Result "0-1"]
[WhiteElo "2441"]
[BlackElo "2242"]
[TimeControl "180+1"]
[EndTime "10:17:49 PDT"]
[Termination "Raffael89 won on time"]

1. d4 Nf6 2. c4 g6 3. Nc3 Bg7 4.
e4 d6 5. f4 O-O 6. Nf3 Bg4 7. Bd3 c5 8. d5 e6 9. h3 Bxf3 10.
Qxf3 exd5 11. cxd5 Nbd7 12. O-O b5 13. Bxb5 Qb6 14. Bc6 Rab8 15. Rf2 Qb4 16. Be3 Nb6 17.
Re1 Nc4 18. Bc1 Na5 19. Ba4 Nh5 20. g4 Bxc3 21. Qxc3 Qxa4 22. gxh5 Qb4 23. hxg6 fxg6 24. Qxb4 cxb4 25. Be3 Nc4 26. Bd4 a5 27. Rc1 Rbc8 28. Rfc2 Rxf4 29. Rxc4 Rxc4 30. Rxc4 Rxe4 31. Rc8+ Kf7 32. Rc7+ Kf8 33. Bf6 h5 34. h4 Re2 35.
Kf1 Rd2 36. Ke1 Rxd5 37. Ke2 Rf5 38. Bg5 Re5+ 39. Kd3 Re1 40. Kd4 Re2 41. Kd5 Rxb2 42. Kxd6 Re2 0-1

[Event "*** Titled Tuesday Blitz"]
[Site "Chess.com"]
[Date "2020.04.28"]
[Round "2"]
[White "Natalya_Buksa"]
[Black "Bulldog167"]
[Result "0-1"]
[WhiteElo "2532"]
[BlackElo "2809"]
[TimeControl "180+1"]
[EndTime "10:17:51 PDT"]
[Termination "Bulldog167 won by checkmate"]

1. d4 Nf6 2. Nc3 d5 3. Bf4 c6 4.
e3 Bf5 5. f3 e6 6. g4 Bg6 7. Bd3 Nbd7 8. Nge2 Bxd3 9. Qxd3 h5 10. g5 Ng8 11. O-O-O Ne7 12. e4 Nb6 13. Kb1 Ng6 14. Bc1 h4 15. f4 dxe4 16. Qxe4 Ne7 17. Rhe1 g6 18. Ng1 Nf5 19. Nf3 Nd5 20. Qd3 Bb4 21.
Nxd5 Qxd5 22. c3 Be7 23. Re5 Qd7 24. c4 O-O 25. b3 Rfd8 26. Bb2 Bf8 27. Re4 Bg7 28.
Ne5 Qc7 29. Ng4 a5 30. Nf6+ Bxf6 31. gxf6 a4 32. Re5 Qd6 33. Qh3 axb3 34. axb3 Qf8 35. Rxf5 exf5 36. Qxh4 Re8 37. Rd3 Re2 38. Bc1 Ra1+ 39. Kxa1 Qa8+ 40. Ba3 Qxa3+ 41. Kb1 Qb2# 0-1

[Event "*** Titled Tuesday Blitz"]
[Site "Chess.com"]
[Date "2020.04.28"]
[Round "2"]
[White "Pedrada88"]
[Black "Jospem"]
[Result "0-1"]
[WhiteElo "2334"]
[BlackElo "2835"]
[TimeControl "180+1"]
[EndTime "10:17:51 PDT"]
[Termination "Jospem won by resignation"]

1. Nf3 c5 2. g3 Nc6 3. Bg2 g6 4. c3 e5 5. d4 cxd4 6. cxd4 e4 7. Ng5 d5 8. Nc3 Bg7 9. h4 Nge7 10. Bf4 h6 11.
Nh3 O-O 12. e3 a6 13. O-O f6 14. Qb3 Kh8 15. Qa3 Rf7 16. Rac1 Bg4 17. Bd6 g5 18. hxg5 fxg5 19. Bxe7 Nxe7 20. Qb3 Qd7 21. Na4 Raf8 22.
Nc5 Qf5 23. Kh2 Ng6 24. Nxb7 Rf6 25. Rc7 Bf3 26. Nc5 g4 27. Nd7 gxh3 28. Bxh3 Bg4 29. Bxg4 Qxg4 30. Nxf6 Rxf6 31. Qxd5 Rf5 32. Rc8+ Nf8 33.
Qd6 Rh5+ 34. Kg1 Qf3 35. Rxf8+ Bxf8 36. Qf6+ Qxf6 0-1

[Event "*** Titled Tuesday Blitz"]
[Site "Chess.com"]
[Date "2020.04.28"]
[Round "2"]
[White "Tapuah"]
[Black "Schachmalanders"]
[Result "1-0"]
[WhiteElo "2834"]
[BlackElo "2338"]
[TimeControl "180+1"]
[EndTime "10:17:51 PDT"]
[Termination "Tapuah won by resignation"]

1. e4 c5 2. Nf3 d6 3. d4 cxd4 4. Nxd4 Nf6 5. Nc3 a6 6. f4 Nbd7 7. a4 e5 8. Nf3 Be7 9. Bc4 O-O 10. O-O exf4 11. Bxf4 Nc5 12. Qe1 Be6 13. Ba2 Rc8 14.
Kh1 Qb6 15. Be3 Qxb2 16. Rb1 Qa3 17. Bc1 Nd3 18. cxd3 Qxc3 19. Rxb7 Bd8 20. Bxe6 fxe6 21. Qg3 Rc7 22. Rxc7 Qxc7 23. Ng5 Qd7 24. Qh3 h6 25. Qxe6+ Qxe6 26. Nxe6 Re8 27. Nxd8 Rxd8 28. Bxh6 Nxe4 29. Bxg7 Ng3+ 30. hxg3 Kxg7 31. Rf4 Kg6 32. Kg1 Rb8 33. Rd4 Rb6 34. Kf2 Kf6 35. g4 Ke6 36. g5 Rb8 37. Rg4 Rg8 38. g6 Kf5 39. Kf3 Rg7 40. d4 Ke6 41.
Ke4 d5+ 42. Kf4 Kf6 43. Rg3 Ke6 44. Kg5 Rg8 45. Re3+ Kd6 46. Kf6 Rf8+ 47. Kg7 Rd8 48. Kh7 1-0

[Event "*** Titled Tuesday Blitz"]
[Site "Chess.com"]
[Date "2020.04.28"]
[Round "2"]
[White "Richarzard69"]
[Black "djano"]
[Result "0-1"]
[WhiteElo "2231"]
[BlackElo "2460"]
[TimeControl "180+1"]
[EndTime "10:17:51 PDT"]
[Termination "djano won by checkmate"]

1. Nf3 d5 2. c4 c6 3. d4 Nf6 4. Qb3 a6 5. g3 b5 6. cxd5 cxd5 7. Bg2 g6 8. O-O Bg7 9. Nc3 O-O 10. a4 bxa4 11. Nxa4 Nbd7 12. Bf4 Nh5 13. Qxd5 Nxf4 14. Qxa8 Nxe2+ 15. Kh1 Nb6 16. Qe4 Nxa4 17. Rxa4 Bd7 18. Rb4 Qa5 19. Rb7 Bb5 20. Qxe7 Nxd4 21. Rd1 Qa4 22.
Rc1 Nf5 23. Qc7 Bxb2 24. Re1 Bf6 25. h4 Qg4 26. Ne5 Bxe5 27. Qxe5 h5 28. Bd5 Qh3+ 29. Kg1 Qg4 30. Rxf7 Rxf7 31. Qf6 Nh6 32. Re7 Qd1+ 33. Kh2 Qxd5 34. Qxg6+ Kf8 35. Rc7 Rxf2+ 36. Kh3 Qg2# 0-1

[Event "*** Titled Tuesday Blitz"]
[Site "Chess.com"]
[Date "2020.04.28"]
[Round "2"]
[White "fabianvivasz"]
[Black "Dr_Thomas_Quilter"]
[Result "1-0"]
[WhiteElo "2421"]
[BlackElo "2101"]
[TimeControl "180+1"]
[EndTime "10:17:51 PDT"]
[Termination "fabianvivasz won on time"]

1. e4 e5 2. Nf3 Qe7 3. b3 Nf6 4. Ba3 d6 5. Nc3 g6 6. Be2 Bg7 7. O-O O-O 8. d4 exd4 9. Nxd4 Nxe4 10. Nd5 Qd8 11. Bf3 Ng5 12. c4 Bd7 13. Qd2 Nc6 14.
Bb2 Nxd4 15. Bxd4 Nxf3+ 16. gxf3 c6 17. Bxg7 Kxg7 18. Qd4+ f6 19. Ne3 Qe7 20. Rad1 Bh3 21. Rfe1 Qc7 22. Qxd6 Qxd6 23. Rxd6 Rf7 24. c5 Re8 25.
Red1 Rfe7 26. f4 h5 27. R6d3 Be6 28. Nc2 Bf5 29. R3d2 Re2 30. Ne3 1-0

[Event "*** Titled Tuesday Blitz"]
[Site "Chess.com"]
[Date "2020.04.28"]
[Round "2"]
[White "ErikRonka"]
[Black "ChessMavenYeti"]
[Result "1-0"]
[WhiteElo "2426"]
[BlackElo "2176"]
[TimeControl "180+1"]
[EndTime "10:17:52 PDT"]
[Termination "ErikRonka won by checkmate"]

1. e4 e6 2. d4 d5 3. Nc3 Be7 4. Bd3 Nc6 5. Nf3 Nb4 6. Bb5+ c6 7. Be2 Nf6 8. e5 Ne4 9. O-O Nxc3 10. bxc3 Na6 11. Rb1 O-O 12. Ne1 c5 13. f4 f5 14.
exf6 Rxf6 15. Nf3 Qc7 16. Ne5 cxd4 17. cxd4 Nb4 18. Rb2 Bd7 19. c4 dxc4 20. Bxc4 Nd5 21. Qb3 Nb6 22. Bd3 Rd8 23. Be4 Ba4 24. Qh3 h6 25.
Ng4 Rf7 26. Bg6 Rff8 27. Ne5 Rxd4 28. Qxe6+ Kh8 29. Nf7+ Rxf7 30. Qxf7 Rd8 31. Be3 Qc3 32. Qxe7 Rd3 33. Re2 Rd7 34. Qf8# 1-0

[Event "*** Titled Tuesday Blitz"]
[Site "Chess.com"]
[Date "2020.04.28"]
[Round "2"]
[White "asimali1977"]
[Black "monalize"]
[Result "0-1"]
[WhiteElo "2003"]
[BlackElo "2370"]
[TimeControl "180+1"]
[EndTime "10:17:52 PDT"]
[Termination "monalize won on time"]

1. Nf3 d5 2. g3 c6 3. Bg2 Bg4 4. O-O Nd7 5. h3 Bxf3 6. Bxf3 Ngf6 7. d3 e5 8. e4 dxe4 9. dxe4 Bc5 10. Qe2 a5 11.
Be3 Qe7 12. Nc3 a4 13. Rad1 O-O 14. Bg2 Rfe8 15. Rd2 Bxe3 16. Qxe3 Nc5 17. Rfd1 Ne6 18.
h4 Qb4 19. b3 a3 20. Ne2 Qc5 21. Qxc5 Nxc5 22. f3 Kf8 23. Bh3 Ke7 24. Kf2 Red8 25.
Rxd8 Rxd8 26. Rxd8 Kxd8 27. Ke3 Kc7 28. Nc1 Kd6 29. Nd3 Ne8 30. f4 f6 31. h5 h6 32.
Bf5 Nc7 33. c4 Nxb3 34. fxe5+ fxe5 35. axb3 a2 36. c5+ Ke7 37. Nxe5 a1=Q 38. Kf4 Qc1+ 39. Kg4 Qxc5 40. Nf3 Ne6 0-1

[Event "*** Titled Tuesday Blitz"]
[Site "Chess.com"]
[Date "2020.04.28"]
[Round "2"]
[White "BocharovD"]
[Black "Atanejhad"]
[Result "1-0"]
[WhiteElo "2799"]
[BlackElo "2523"]
[TimeControl "180+1"]
[EndTime "10:17:53 PDT"]
[Termination "BocharovD won on time"]

1. c4 Nf6 2. g3 c6 3. Nf3 d5 4.
Bg2 Bf5 5. cxd5 cxd5 6. Qb3 Qb6 7. Qxb6 axb6 8. Nc3 Bd7 9. O-O e6 10. d3 Bc5 11.
Bf4 Ke7 12. a3 Rc8 13. Rfc1 Ng4 14. e3 h6 15. h3 Nf6 16. d4 Bd6 17. Bxd6+ Kxd6 18.
Ne5 Ke7 19. Bf1 Bc6 20. Na2 Nbd7 21. Nxd7 Bxd7 22. f3 Ne8 23. Kf2 Nd6 24. Nc3 f6 25. e4 Bc6 26. Bd3 f5 27. exf5 exf5 28. Re1+ Kf6 29.
Re5 Nc4 30. Rxf5+ Ke6 31. Re1+ Kd6 32. Bxc4 dxc4 33. d5 Bd7 34. Ne4+ Kc7 35. Rf7 b5 36. Rxg7 b4 37. Nf6 Kd6 38. Rxd7+ Kc5 39. Ne4+ Kb5 40. Nd6+ Ka4 41. Nxc8 1-0

[Event "*** Titled Tuesday Blitz"]
[Site "Chess.com"]
[Date "2020.04.28"]
[Round "2"]
[White "rynos0411"]
[Black "WonderChampion"]
[Result "1-0"]
[WhiteElo "2354"]
[BlackElo "1808"]
[TimeControl "180+1"]
[EndTime "10:17:53 PDT"]
[Termination "rynos0411 won by checkmate"]

1. e4 c5 2. Nf3 g6 3. c3 Nf6 4.
d3 Bg7 5. g3 Nc6 6. Bg2 O-O 7.
O-O d5 8. Qe2 dxe4 9. dxe4 Bg4 10. Rd1 Qc8 11. Bf4 Rd8 12. Nbd2 a6 13. a4 b6 14. Nc4 Qb7 15. h3 Be6 16. Nce5 Nxe5 17. Nxe5 Qc8 18. Kh2 Nd7 19. Nc4 b5 20. axb5 axb5 21.
Ne3 Rxa1 22. Rxa1 b4 23. cxb4 cxb4 24. Nd5 Bxd5 25. exd5 Qc5 26. Rc1 Qa7 27. Qxe7 Bf6 28. Qe2 Nc5 29. Be3 Rc8 30. d6 Be5 31. d7 Qxd7 32.
Rxc5 Rxc5 33. Bxc5 Bf6 34. Bxb4 Kg7 35. Bc3 Bxc3 36.
bxc3 Qc7 37. c4 Qc5 38. Bd5 Qd4 39. Qe3 Qb2 40. Kg2 Qb8 41. c5 Qc7 42. c6 Qd6 43. Qf3 f6 44. Qe4 Qc7 45. Qe6 f5 46. Qd7+ Qxd7 47.
cxd7 Kf6 48. d8=Q+ Ke5 49. f4+ Kd4 50. Bg8+ Kc3 51.
Bxh7 Kb4 52. Qc7 Kb3 53. Kf2 Kb4 54. Ke3 Kb3 55. Kd3 Kb4 56. Qc4+ Ka3 57. Kc2 g5 58. Qb3# 1-0

[Event "*** Titled Tuesday Blitz"]
[Site "Chess.com"]
[Date "2020.04.28"]
[Round "2"]
[White "MITerryble"]
[Black "Shoytan"]
[Result "0-1"]
[WhiteElo "2869"]
[BlackElo "2580"]
[TimeControl "180+1"]
[EndTime "10:17:54 PDT"]
[Termination "Shoytan won by resignation"]

1. d4 g6 2. Nf3 Nf6 3. Bg5 Bg7 4. c3 O-O 5. Nbd2 d5 6. e3 Bf5 7. Qb3 b6 8. c4 Ne4 9. cxd5 Nxg5 10. Nxg5 e6 11. Nge4 exd5 12. Nc3 Be6 13. Nf3 c5 14. Qd1 Nc6 15. Bb5 Rc8 16. O-O cxd4 17. Nxd4 Nxd4 18.
exd4 Qh4 19. Ne2 Rc7 20. Ba6 Bh6 21. Nc3 Bg4 22. Qd3 Bf5 23. Qd1 Rd8 24. Re1 Bg7 25.
g3 Qxd4 26. Qxd4 Bxd4 27. Nb5 Rc4 28. Nxd4 Rxd4 29. Red1 Rxd1+ 30. Rxd1 d4 31. f3 Kf8 32. Kf2 Ke7 33. Bc4 Be6 34. Bd3 a5 35. a3 Kd6 36.
Be4 Ke5 37. Rc1 Bb3 38. Bd3 Kd6 39. h4 Re8 40. Be4 f5 41. Rc6+ Kd7 42. Rxb6 fxe4 43. Rxb3 e3+ 44. Ke2 Kc6 45. a4 Kc5 46. Rd3 Kd5 47. Rd1 Rc8 48. Kd3 Rb8 49. Kc2 Kc4 50. g4 d3+ 51. Kc1 e2 52. Re1 Kd4 0-1

[Event "*** Titled Tuesday Blitz"]
[Site "Chess.com"]
[Date "2020.04.28"]
[Round "2"]
[White "platy3"]
[Black "Uzbektiger1963"]
[Result "1-0"]
[WhiteElo "2758"]
[BlackElo "2504"]
[TimeControl "180+1"]
[EndTime "10:17:54 PDT"]
[Termination "platy3 won by resignation"]

1. e4 c5 2. Nf3 g6 3. d4 cxd4 4. Nxd4 Bg7 5. c4 Nc6 6. Be3 Qb6 7. Nb5 Qa5+ 8. N5c3 Nf6 9. f3 O-O 10. Be2 d6 11. O-O Be6 12. Nd2 Nd7 13. Nb3 Qd8 14.
Qd2 a5 15. Nd4 Nxd4 16. Bxd4 Bxd4+ 17. Qxd4 Qb6 18. Qxb6 Nxb6 19. b3 a4 20. Nb5 axb3 21. axb3 Rxa1 22. Rxa1 Ra8 23. Rxa8+ Nxa8 24. Kf2 Bd7 25.
Nc3 e6 26. Ke3 Kf8 27. f4 f5 28. exf5 gxf5 29. Bf3 Bc6 30. Bxc6 bxc6 31. c5 dxc5 32.
Na4 Nc7 33. g3 Na6 34. Kd3 Ke7 35. Kc4 Kd6 36. h3 h6 37. g4 fxg4 38. hxg4 Nc7 39. Nxc5 Nd5 40. Ne4+ Ke7 41. Kc5 Nxf4 42. Kxc6 Nd3 43.
Kc7 e5 44. Kc6 Ke6 45. Nc5+ Kf6 46. Nxd3 e4 47. Nf2 e3 48. Nd3 Kg5 49. b4 Kxg4 50. b5 1-0

[Event "*** Titled Tuesday Blitz"]
[Site "Chess.com"]
[Date "2020.04.28"]
[Round "2"]
[White "Yuri202062"]
[Black "Nikolakis2014"]
[Result "1-0"]
[WhiteElo "2527"]
[BlackElo "2706"]
[TimeControl "180+1"]
[EndTime "10:17:54 PDT"]
[Termination "Yuri202062 won by resignation"]

1. d4 Nf6 2. c4 e6 3. Nc3 Bb4 4. e3 O-O 5. Bd3 d5 6. cxd5 exd5 7. Ne2 c6 8. O-O Re8 9. f3 Nbd7 10. e4 dxe4 11.
fxe4 Nf8 12. e5 Nd5 13. Ne4 Ng6 14. Bg5 Be7 15. Bxe7 Qxe7 16. Qc1 Be6 17. a3 Rad8 18. b4 h6 19. Kh1 Qh4 20. Nd6 Rf8 21. Qd2 Rxd6 22.
exd6 Rd8 23. Bxg6 fxg6 24. Nf4 Nxf4 25. Qxf4 Qxf4 26. Rxf4 Rxd6 27. Re1 g5 28. Rfe4 Bc4 29. Kg1 Rf6 30. Re7 Rf7 31. Rxf7 Kxf7 32. Kf2 a6 33. Re5 Bd5 34. g3 b5 35. Ke3 Kf6 36. Re8 Kf7 37.
Ra8 Ke6 38. Rxa6 Kf5 39. a4 bxa4 40. Rxa4 Kg4 41. Ra7 Kh3 42. Rxg7 Kxh2 43. Kf2 Kh3 44. Rh7 Kg4 45. Rxh6 Kf5 46. Ke3 Kg4 47. Rg6 Kf5 48. Rg7 Kf6 49. Rb7 Kf5 50. b5 cxb5 51. Rxb5 Ke6 52. Rxd5 Kxd5 53. Kd3 1-0

[Event "*** Titled Tuesday Blitz"]
[Site "Chess.com"]
[Date "2020.04.28"]
[Round "2"]
[White "LuckIsMySkill"]
[Black "JoakimVonAnd"]
[Result "0-1"]
[WhiteElo "2716"]
[BlackElo "2513"]
[TimeControl "180+1"]
[EndTime "10:17:55 PDT"]
[Termination "JoakimVonAnd won on time"]

1. f4 d5 2. b3 Nf6 3. Nf3 Bf5 4. e3 e6 5. Bb2 Be7 6. Bd3 Bxd3 7. cxd3 O-O 8. O-O c5 9. d4 Nc6 10. dxc5 Bxc5 11.
Bxf6 Qxf6 12. d4 Bd6 13. Ne5 Rfc8 14. Nd2 Ba3 15. Ndf3 Nb4 16. Rf2 h6 17. Nd3 Nxd3 18.
Qxd3 Rc7 19. Rc2 Rac8 20. Rxc7 Rxc7 21. Kf2 Qd8 22. Re1 Qc8 23. g4 a6 24. h4 Rc2+ 25. Re2 Rc3 26. Qd1 Rc1 27. Qd3 h5 28. gxh5 e5 29. dxe5 Qh3 30. Rc2 Rh1 31. Qxd5 Rf1+ 32. Ke2 Qg2+ 33. Kd3 Rd1+ 34. Kc3 Qxc2+ 35. Kxc2 Rxd5 36.
e4 Rc5+ 37. Kd3 Bb4 38. Ng5 Rc3+ 39. Kd4 Rc2 40. a3 Bxa3 41. f5 Be7 42. Nf3 Rf2 43. Ke3 Rb2 0-1

[Event "*** Titled Tuesday Blitz"]
[Site "Chess.com"]
[Date "2020.04.28"]
[Round "2"]
[White "Fighter008"]
[Black "2L8IWUN"]
[Result "1-0"]
[WhiteElo "2507"]
[BlackElo "2709"]
[TimeControl "180+1"]
[EndTime "10:17:55 PDT"]
[Termination "Fighter008 won by resignation"]

1. e4 c5 2. Nf3 d6 3. d4 cxd4 4. Nxd4 Nf6 5. Nc3 Nc6 6. f3 e5 7.
Nb3 Be7 8. Be3 O-O 9. Qd2 a5 10. Bb5 Na7 11. Bd3 Be6 12. O-O Nc8 13. Rad1 Qc7 14.
a3 a4 15. Nc1 Nb6 16. Qf2 Nc4 17. Bxc4 Bxc4 18. Rfe1 Rfc8 19. Rd2 Be6 20. N1a2 h6 21. Nb4 Qc4 22. Red1 b5 23. Qe2 Rab8 24. Qxc4 bxc4 25. Nxa4 d5 26. Nxd5 Nxd5 27. exd5 Bf5 28. d6 Bd8 29. Kf2 Ra8 30. Nb6 Bxb6 31. Bxb6 c3 32. bxc3 Bd7 33. Re1 f6 34. f4 Rxc3 35. fxe5 fxe5 36. Rxe5 Rf8+ 37. Kg1 Rxa3 38. h3 Bc6 39. d7 Ra1+ 40. Kh2 Bxd7 41. Rxd7 Rc1 42. Ree7 1-0

[Event "*** Titled Tuesday Blitz"]
[Site "Chess.com"]
[Date "2020.04.28"]
[Round "2"]
[White "Zhuu96"]
[Black "jtayar88"]
[Result "1-0"]
[WhiteElo "2966"]
[BlackElo "2581"]
[TimeControl "180+1"]
[EndTime "10:17:56 PDT"]
[Termination "Zhuu96 won on time"]

1. e4 c5 2. Nf3 d6 3. d4 Nf6 4. Bb5+ Bd7 5. Bxd7+ Qxd7 6. O-O cxd4 7. Qxd4 Nc6 8. Qe3 g6 9. c4 Bg7 10. Nc3 Ng4 11. Qe1 Rc8 12. Rb1 Nge5 13. Nxe5 Nxe5 14. b3 O-O 15. Be3 Ng4 16. Bxa7 Be5 17. f4 Bxc3 18. Qxc3 b5 19. Bd4 e5 20. fxe5 dxe5 21. Bxe5 Nxe5 22. Qxe5 bxc4 23. bxc4 Rxc4 24. Qd5 Qa7+ 25. Kh1 Qxa2 26. Rb8 Rxb8 27. Qxf7+ Kh8 28. Qf6+ Kg8 29. Qe6+ Kg7 30. Qe5+ Kh6 31. Qf4+ Kg7 32. Qxb8 Qa3 33. Qe5+ Kh6 34. Qf4+ Kg7 35. Qf7+ Kh6 36. Qxc4 1-0

[Event "*** Titled Tuesday Blitz"]
[Site "Chess.com"]
[Date "2020.04.28"]
[Round "2"]
[White "doons21"]
[Black "quesfr"]
[Result "1-0"]
[WhiteElo "2623"]
[BlackElo "2216"]
[TimeControl "180+1"]
[EndTime "10:17:56 PDT"]
[Termination "doons21 won by checkmate"]

1. e4 e6 2. d3 d5 3. Nd2 c5 4. Ngf3 Nc6 5. g3 Bd6 6. Bg2 Nge7 7. O-O O-O 8. Re1 Qc7 9. a4 Bd7 10. c3 f6 11. Qc2 Rac8 12. Nf1 d4 13. c4 a6 14. h4 Rb8 15. Bd2 b5 16. axb5 axb5 17. cxb5 Rxb5 18. Ra2 Rfb8 19. Rea1 Qb7 20. e5 fxe5 21.
Rb1 h6 22. g4 Nd5 23. Qc4 Ncb4 24. Ra3 Bc6 25. g5 Qf7 26. gxh6 gxh6 27. Ng3 Nf4 28. Bxf4 exf4 29. Ne4 Bxe4 30. dxe4 Be7 31. Bh3 Qg7+ 32. Kh2 Kh7 33. Rg1 Qf6 34. Bxe6 Nc6 35. Bf5+ Kh8 36. Ra6 Ne5 37. Rxf6 Nxc4 38. Rxh6# 1-0

[Event "*** Titled Tuesday Blitz"]
[Site "Chess.com"]
[Date "2020.04.28"]
[Round "2"]
[White "ALeks_Ivlev"]
[Black "DanielTitichoca"]
[Result "0-1"]
[WhiteElo "2573"]
[BlackElo "2317"]
[TimeControl "180+1"]
[EndTime "10:17:56 PDT"]
[Termination "DanielTitichoca won by checkmate"]

1. d4 Nf6 2. c4 g6 3. Nc3 Bg7 4. e4 d6 5. Be2 O-O 6. Bg5 c5 7. d5 b5 8. cxb5 a6 9. b6 Qxb6 10. Qc2 Re8 11. Nf3 Bg4 12. O-O Nfd7 13. Rab1 a5 14. Nd2 Bxe2 15. Nxe2 Na6 16. Nc4 Qc7 17.
a3 Rab8 18. Qa4 Nb6 19. Nxb6 Qxb6 20. Bd2 Qb5 21. Qxb5 Rxb5 22. Nc3 Rb3 23. Na4 Rb5 24. Nc3 Rb3 25. Nd1 Reb8 26. Bxa5 Rxa3 27. bxa3 Rxb1 28. Ne3 Rb3 29. Nc4 Bd4 30. g3 Nb8 31. Kg2 Nd7 32. f4 Nf6 33. Re1 h5 34. h3 h4 35. g4 g5 36. fxg5 Nh7 37. Bd2 Rg3+ 38. Kh2 Rf3 39. Re2 Rf1 40. Be3 Bxe3 41. Nxe3 Ra1 42. Nf5 Nxg5 43.
Nxe7+ Kf8 44. Nf5 Rxa3 45. Nxd6 Rxh3+ 46. Kg2 Rg3+ 47. Kh2 Nf3+ 48. Kh1 Rg1# 0-1

[Event "*** Titled Tuesday Blitz"]
[Site "Chess.com"]
[Date "2020.04.28"]
[Round "2"]
[White "Mazanchenko_Dmitry"]
[Black "Malysch"]
[Result "0-1"]
[WhiteElo "2117"]
[BlackElo "2413"]
[TimeControl "180+1"]
[EndTime "10:17:56 PDT"]
[Termination "Malysch won on time"]

1. e4 c5 2. Ne2 Nc6 3. Nbc3 Nf6 4. d4 cxd4 5. Nxd4 d6 6. Bg5 e6 7. Qd2 Be7 8. O-O-O Nxd4 9. Qxd4 O-O 10. Nb5 Qa5 11. Bc4 a6 12. Bd2 Qd8 13. Nc3 b5 14. Bb3 Bb7 15.
f3 Rc8 16. Kb1 Qc7 17. g4 Nd7 18. g5 Ne5 19. f4 Nf3 20. Qe3 Nxd2+ 21. Rxd2 b4 22.
Ne2 Qc6 23. Rd4 a5 24. Rc4 Qa6 25. Rxc8 Rxc8 26. g6 hxg6 27. c3 a4 28. Bc2 bxc3 29.
Nxc3 Bf6 30. e5 Bxh1 31. exf6 Qf1+ 32. Bd1 Rxc3 33. Qxc3 Qxd1+ 34. Qc1 Be4+ 0-1

[Event "*** Titled Tuesday Blitz"]
[Site "Chess.com"]
[Date "2020.04.28"]
[Round "2"]
[White "Slovak_fighter2000"]
[Black "Sychev_Klementy"]
[Result "0-1"]
[WhiteElo "2544"]
[BlackElo "2847"]
[TimeControl "180+1"]
[EndTime "10:17:57 PDT"]
[Termination "Sychev_Klementy won on time"]

1. d4 Nf6 2. Bf4 d5 3. Nf3 e6 4. e3 Bd6 5. Bg3 O-O 6. Nbd2 c5 7. c3 Qc7 8. Bd3 Nbd7 9. e4 cxd4 10. cxd4 dxe4 11. Nxe4 Nxe4 12. Bxe4 Nf6 13. Bd3 Qa5+ 14. Kf1 Rd8 15. Qe2 Be7 16. a3 Bd7 17. Ne5 Be8 18.
Nc4 Qh5 19. Qe3 Rac8 20. Be2 Qd5 21. b3 Qxd4 22. Qxd4 Rxd4 23. Be5 Rd5 24. Bf4 b5 25. Ne3 Rdc5 26. g3 Bc6 27. f3 g5 28. b4 gxf4 29.
bxc5 fxe3 30. Rc1 Be8 31. Kg2 Rxc5 32. Rcd1 Rc2 33. Rhe1 Nd5 34. Rc1 Rb2 35. f4 Bxa3 0-1

[Event "*** Titled Tuesday Blitz"]
[Site "Chess.com"]
[Date "2020.04.28"]
[Round "2"]
[White "dbrankovic68"]
[Black "ChessWarrior7197"]
[Result "0-1"]
[WhiteElo "2344"]
[BlackElo "2849"]
[TimeControl "180+1"]
[EndTime "10:17:57 PDT"]
[Termination "ChessWarrior7197 won on time"]

1. Nf3 d5 2. g3 c6 3. Bg2 Bg4 4.
O-O Bxf3 5. Bxf3 Nd7 6. d3 e6 7. Bg2 Bd6 8. Nd2 Ne7 9. e4 O-O 10. Qe2 a5 11. Nf3 a4 12. a3 Qb6 13. Re1 Ng6 14. d4 dxe4 15. Qxe4 Nf6 16. Qe2 Rfd8 17. c3 h6 18. h4 c5 19. Ne5 Nf8 20. Nc4 Qb3 21. Nxd6 Rxd6 22. dxc5 Rdd8 23. Bf4 Rac8 24. Bd6 N8d7 25. Rad1 Re8 26. Rd4 Nxc5 27. Rb4 Qa2 28. Bxc5 Rxc5 29. Rxb7 Rd8 30. Rd1 Rcc8 31. Bf3 Rb8 32.
Rxd8+ Rxd8 33. Kg2 Qb1 34. Qe5 Rd2 35. Qc7 Qg6 36. c4 Ne4 37. Qb8+ Kh7 0-1

[Event "*** Titled Tuesday Blitz"]
[Site "Chess.com"]
[Date "2020.04.28"]
[Round "2"]
[White "top_bu_tz"]
[Black "FMalexhdez"]
[Result "1-0"]
[WhiteElo "2431"]
[BlackElo "2127"]
[TimeControl "180+1"]
[EndTime "10:17:57 PDT"]
[Termination "top_bu_tz won by resignation"]

1. e4 c5 2. Nf3 d6 3. d4 cxd4 4.
Nxd4 Nf6 5. Nc3 a6 6. h3 e5 7.
Nde2 b5 8. g4 Bb7 9. Bg2 h6 10.
Ng3 Nbd7 11. Be3 g6 12. O-O Nc5 13. f4 Be7 14. fxe5 dxe5 15. Qe2 Qc7 16. Nd5 Nxd5 17. exd5 Bd6 18. Kh1 O-O-O 19. c4 b4 20. Bxc5 Bxc5 21.
Ne4 h5 22. g5 f5 23. gxf6 Bd4 24. Qd2 Kb8 25. Qxb4 g5 26. f7 Rdf8 27. c5 g4 28. c6 gxh3 29. Bf3 Ka7 30. cxb7 Rxf7 31. d6 Qd7 32.
Nc5 Rxf3 33. Nxd7 Rxf1+ 34. Rxf1 Rg8 35. b8=Q+ 1-0

[Event "*** Titled Tuesday Blitz"]
[Site "Chess.com"]
[Date "2020.04.28"]
[Round "2"]
[White "MishkaFighter"]
[Black "Oleksandr_Bortnyk"]
[Result "1-0"]
[WhiteElo "2603"]
[BlackElo "2998"]
[TimeControl "180+1"]
[EndTime "10:17:58 PDT"]
[Termination "MishkaFighter won by checkmate"]

1. d4 d6 2. Nf3 Nf6 3. g3 g6 4.
Bg2 Bg7 5. O-O O-O 6. c4 Bf5 7. Qb3 Qc8 8. Nc3 Nc6 9. Rd1 Rb8 10. Qa4 a6 11. d5 Nd8 12. Nd4 Bh3 13. e4 c5 14.
Nde2 b5 15. Qc2 bxc4 16. Qa4 Rb4 17. Qc2 Bxg2 18. Kxg2 Nd7 19. f4 Qb7 20. Rb1 e6 21.
a3 Rb3 22. dxe6 Nxe6 23. Nd5 Re8 24. Qxc4 Rxa3 25. Nec3 Rb3 26. Ra1 Nd4 27. Qxa6 Qxa6 28. Rxa6 Bf8 29. Ra7 Nb6 30. Nf6+ Kh8 31. Nxe8 d5 32.
Rxf7 Bh6 33. f5 Bxc1 34. Rf8# 1-0